Map: Abyssal Reef LE

Players

Railgan - Winner!

  • Race: Zerg Zerg
  • League: Grandmaster
  • Spawn Location: 11:00

Clem

  • Race: Terran Terran
  • League: Master
  • Spawn Location: 5:00

VOD

Have the link to the VOD?

Description

Time

  • Played on: March 10, 2017, 8:05 a.m.
  • Length: 9:32
Show
View Real Time Build Order
Export as new Build Order

Railgan Zerg - Winner!

Build Orders: Pool First 

Get SALT Encoding   

  12  0:00  Drone  
  13  0:13  Overlord  
  13  0:17  Drone  
  14  0:31  Drone x2  
  14  0:35  Drone  
  17  0:46  Spawning Pool  
  17  0:49  Drone  
  17  0:58  Drone  
  18  1:13  Hatchery  
  18  1:14  Extractor  
  16  1:18  Drone  
  16  1:20  Drone  
  18  1:34  Zergling x2  
  18  1:36  Roach Warren  
  18  1:42  Queen  
  20  1:47  Drone  
  20  1:50  Drone  
  22  2:00  Overlord  
  22  2:18  Queen  
  22  2:19  Roach  
  22  2:22  Roach  
  28  2:26  Roach  
  28  2:29  Queen  
  32  2:45  Drone x3  
  32  2:49  Drone  
  32  2:50  Overlord  
  36  3:02  Lair  
  36  3:10  Drone x3  
  39  3:19  Drone x3  
  42  3:26  Drone  
  42  3:30  Drone  
  42  3:31  Drone  
  42  3:47  Drone x4  
  44  3:48  Overlord  
  44  3:50  Overlord  
  44  3:51  Overlord  
  44  3:55  Extractor  
  43  3:56  Extractor  
  43  3:58  Drone  
  43  4:02  Glial Reconstitution  
  41  4:04  Extractor, Drone x3  
  43  4:12  Evolution Chamber  
  42  4:18  Evolution Chamber  
  42  4:19  Roach x3  
  42  4:21  Overseer  
  42  4:22  Drone  
  42  4:23  Drone  
  49  4:24  Drone  
  50  4:33  Drone x4  
  54  4:44  Roach  
  54  4:45  Roach  
  58  4:48  Overlord  
  58  4:53  Roach  
  58  4:54  Roach  
  58  4:57  Roach  
  64  5:06  Roach x3  
  64  5:07  Roach  
  72  5:10  Drone  
  72  5:11  Drone  
  72  5:14  Overlord  
  74  5:19  Roach  
  66  5:30  Drone x4  
  70  5:43  Drone x7  
  77  5:50  Drone  
  77  5:51  Drone  
  79  5:57  Drone  
  79  6:03  Evolution Chamber  
  79  6:05  Evolution Chamber  
  79  6:11  Hydralisk Den, Drone  
  79  6:14  Hatchery  
  77  6:23  Overlord  
  75  6:38  Roach x3  
  75  6:41  Roach x4  
  75  6:46  Zerg Missile Weapons Level 1, Zerg Ground Armor Level 1, Muscular Augments  
  79  6:52  Roach x2  
  79  6:53  Roach x2  
  75  6:59  Roach x3  
  79  7:07  Overlord  
  79  7:08  Hydralisk x2  
  79  7:14  Hydralisk  
  79  7:15  Hydralisk  
  87  7:19  Overlord  
  87  7:24  Spore Crawler x2  
  87  7:25  Drone  
  87  7:29  Hydralisk  
  88  7:33  Pneumatized Carapace  
  88  7:42  Drone x2  
  88  7:43  Drone x2  
  87  7:49  Hydralisk  
  87  7:50  Hydralisk x2  
  93  7:52  Overseer  
  93  7:57  Drone x2  
  86  8:00  Drone  
  86  8:02  Drone  
  88  8:08  Overseer  
  88  8:10  Drone  
  88  8:11  Drone  
  90  8:13  Drone  
  90  8:14  Drone  
  84  8:27  Roach  
  84  8:28  Roach x3  
  90  8:39  Roach  
  90  8:40  Roach x2  
  94  8:42  Roach x2  
  92  8:49  Roach x2  
  92  8:57  Ravager x3  
  92  9:02  Roach x4  
  99  9:05  Roach  
Show
View Real Time Build Order
Export as new Build Order

Clem Terran 

Build Orders: Reaper Expand, Mech 

Get SALT Encoding   

  12  0:00  SCV  
  13  0:12  SCV  
  14  0:18  Supply Depot  
  14  0:24  SCV  
  15  0:29  Refinery  
  15  0:39  SCV  
  16  0:45  Barracks  
  16  0:51  SCV  
  17  1:03  SCV  
  18  1:16  SCV  
  19  1:32  Reaper, Orbital Command  
  20  1:44  Command Center  
  20  1:55  Factory  
  20  1:58  SCV  
  21  2:06  Supply Depot  
  21  2:07  Barracks Reactor  
  21  2:11  SCV  
  21  2:15  Refinery  
  22  2:23  SCV  
  23  2:37  SCV  
  22  2:45  Marine x2  
  22  2:46  Starport  
  22  2:50  SCV  
  25  2:52  Hellion  
  25  2:58  Supply Depot  
  27  3:02  SCV  
  28  3:14  SCV  
  28  3:19  Marine  
  30  3:21  Cyclone x2  
  35  3:32  SCV  
  35  3:33  Supply Depot  
  35  3:37  Marine  
  34  3:44  SCV  
  32  3:56  SCV  
  32  4:01  Medivac  
  35  4:02  Widow Mine  
  35  4:03  Widow Mine  
  35  4:05  Orbital Command  
  35  4:08  SCV  
  40  4:15  Barracks Tech Lab  
  40  4:20  SCV  
  41  4:30  SCV  
  42  4:32  SCV  
  43  4:39  Hellion x2  
  43  4:42  SCV  
  43  4:44  SCV  
  49  4:53  Cloaking Field, Supply Depot  
  49  4:54  Banshee  
  49  4:58  Marine, SCV x2  
  55  5:03  Hellion x2  
  59  5:09  Supply Depot  
  59  5:10  Supply Depot  
  59  5:12  Factory  
  59  5:19  SCV  
  60  5:29  Engineering Bay  
  60  5:32  SCV x2  
  53  5:44  SCV x2  
  53  5:46  Banshee  
  53  5:47  Widow Mine x2  
  60  5:52  Supply Depot  
  60  5:56  SCV  
  60  5:57  SCV  
  60  6:02  Factory Tech Lab  
  60  6:09  Factory, SCV  
  60  6:11  Armory  
  61  6:12  SCV  
  62  6:21  SCV  
  63  6:25  Siege Tank  
  63  6:27  Hellion x2  
  63  6:28  SCV  
  67  6:33  SCV  
  59  6:40  SCV  
  59  6:45  SCV  
  60  6:50  Hellion x2  
  60  6:52  SCV  
  59  6:57  SCV  
  59  6:58  Factory Tech Lab  
  59  7:00  Siege Tank  
  62  7:04  SCV  
  63  7:09  Terran Vehicle Weapons Level 1  
  63  7:16  Hellion x2  
  63  7:19  SCV x2  
  69  7:25  Refinery  
  69  7:26  Refinery  
  69  7:31  SCV x2  
  71  7:37  Infernal Pre-Igniter  
  71  7:46  SCV x2  
  73  7:55  Hellion x4  
  71  8:00  Siege Tank, Hellion x2  
  71  8:03  Command Center  
  71  8:05  SCV x2  
  80  8:08  Supply Depot  
  80  8:09  Supply Depot  
  80  8:14  Siege Tank  
  80  8:19  SCV  
  85  8:20  SCV  
  85  8:24  Hellion  
  85  8:25  Hellion  
  77  8:31  SCV  
  77  8:32  SCV  
  71  8:36  Siege Tank  
  63  8:44  SCV  
  63  8:46  Siege Tank  
  63  8:47  SCV  
  54  8:56  SCV  
  54  8:58  Hellion x2  
  55  9:08  SCV x2  
  63  9:15  SCV  
Tags
 
Add a new tag
Caveats
  • Supply blocks, unpowered buildings, or Contaminate may cause inaccurate times.
  • Supply counts are checked every 10 seconds.